 Dungeon Crawl Stone Soup version 0.31.0-11-ge490571c62 (webtiles) character file.

Game seed: 8328032793945623774

27271 monsoonserge the Black Sun (level 13, -2/99 HPs)
             Began as a Gnoll Necromancer on Feb 6, 2024.
             Was a High Priest of Kikubaaqudgha.
             Slain by a frost giant
             ... wielding a +0 battleaxe of freezing
              (25 damage)
             ... in an ice cave.
             The game lasted 01:25:50 (12396 turns).

monsoonserge the Black Sun (Gnoll Necromancer)     Turns: 12396, Time: 01:25:51

Health: -2/99      AC:  6    Str:  7    XL:     13   Next: 31%
Magic:  7/27       EV: 15    Int: 26    God:    Kikubaaqudgha [*****.]
Gold:   895        SH: 11    Dex: 13    Spells: 10/32 levels left

rFire   . . .        m - +6 dagger (protect)
rCold   + . .        j - +0 buckler
rNeg    . . .        n - +0 robe {rC+}
rPois   .            q - +0 helmet
rElec   +            i - +1 cloak
rCorr   .            (no gloves)
SInv    .            (no boots)
Will    .....        t - amulet of reflection
Stlth   ++++         T - ring "Wotupaav" {rElec Slay+4}
HPRegen 0.36/turn    Y - +6 ring of intelligence
MPRegen 0.20/turn

%: reflection
@: studying Short Blades
A: fangs 1, strong nose, distributed training
a: Renounce Religion, Unearth Wretches, Torment


You were in an ice cave.
You worshipped Kikubaaqudgha.
Kikubaaqudgha was extremely pleased with you.
You visited 3 branches of the dungeon, and saw 13 of its levels.
You also visited: Ice Cave.

You collected 895 gold pieces.

Inventory:

Hand Weapons
 m - a +6 dagger of protection (weapon)
 x - a +3 short sword of draining
 H - a +2 war axe of freezing
 P - a +2 vampiric trident
 R - a +2 trident of draining
 W - a +4 flail
Missiles
 c - 54 poisoned darts (quivered)
 K - 4 curare-tipped darts
Armour
 e - a +0 leather armour
 i - a +1 cloak (worn)
 j - a +0 buckler (worn)
 n - a +0 robe of cold resistance (worn)
 q - a +0 helmet (worn)
 A - a +0 ring mail
Magical Staves
 G - a staff of fire
 L - a staff of conjuration
Jewellery
 o - a ring of willpower
 p - a ring of protection from fire
 t - an amulet of reflection (around neck)
 O - a +5 ring of evasion
 Q - a ring of magical power
 T - the ring "Wotupaav" (left hand) {rElec Slay+4}
   (You found it on level 7 of the Dungeon)

   [ring of slaying]

   Slay+4:    It affects your accuracy & damage with ranged weapons and melee
   (+4).
   rElec:     It insulates you from electricity.
 Y - a +6 ring of intelligence (right hand)
Talismans
 I - a flux talisman
 U - a serpent talisman
Wands
 B - a wand of polymorph (4)
Scrolls
 a - 3 scrolls of immolation
 f - 3 scrolls of blinking
 k - a scroll of vulnerability
 s - 4 scrolls of fog
 u - 3 scrolls of poison
 y - 2 scrolls of torment {unknown}
 z - 2 scrolls of brand weapon {unknown}
 C - a scroll of fear
 D - a scroll of amnesia {unknown}
 E - 2 scrolls of enchant weapon {unknown}
 J - 2 scrolls of teleportation
 N - a scroll of enchant armour {unknown}
Potions
 b - a potion of magic
 d - 2 potions of might
 g - 2 potions of enlightenment {unknown}
 h - a potion of attraction
 l - 2 potions of resistance
 r - a potion of cancellation {unknown}
 v - 2 potions of haste
 w - 2 potions of lignification {unknown}
 F - 3 potions of heal wounds
Miscellaneous
 V - a sack of spiders


   Skills:
 + Level 8.6 Fighting
 + Level 9.8 Short Blades
 + Level 8.6 Long Blades
 + Level 8.6 Axes
 + Level 8.6 Maces & Flails
 + Level 8.6 Polearms
 + Level 8.6 Staves
 + Level 8.6 Ranged Weapons
 + Level 8.6 Throwing
 + Level 8.6 Armour
 + Level 9.8 Dodging
 + Level 9.6 Stealth
 + Level 8.6 Shields
 + Level 8.6 Unarmed Combat
 + Level 10.0 Spellcasting
 + Level 7.2 Conjurations
 + Level 7.2 Hexes
 + Level 7.2 Summonings
 + Level 10.2 Necromancy
 + Level 7.2 Translocations
 + Level 7.2 Fire Magic
 + Level 7.2 Ice Magic
 + Level 7.2 Air Magic
 + Level 7.2 Earth Magic
 + Level 7.2 Alchemy
 + Level 9.4 Invocations
 + Level 8.6 Evocations
 + Level 7.9 Shapeshifting


You had 10 spell levels left.
You knew the following spells:

 Your Spells              Type           Power      Damage    Failure   Level
a - Necrotise             Necr           100%       1d9       1%          1
b - Vampiric Draining     Necr           60%        2d10      1%          3
c - Animate Dead          Necr           60%        N/A       1%          4
d - Sublimation of Blood  Necr           60%        N/A       1%          2
e - Anguish               Hex/Necr       27%        N/A       1%          4
f - Mephitic Cloud        Conj/Alch/Air  50%        N/A       1%          3
g - Borgnjor's Vile Clut  Necr/Erth      27%        N/A       4%          5

Your spell library contained the following spells:

 Spells                   Type           Power      Damage    Failure   Level
 Magic Dart               Conj           100%       1d8       1%          1
 Cigotuvi's Dreadful Rot  Necr/Alch/Air  100%       N/A       1%          2
 Mercury Vapours          Alch/Air       100%       N/A       1%          2
 Searing Ray              Conj           100%       2d8       1%          2
 Frozen Ramparts          Ice            100%       1d16      1%          3
 Dispel Undead            Necr           60%        3d21      1%          4
 Curse of Agony           Necr           60%        N/A       2%          5
 Fulminant Prism          Conj/Alch      25%        3d13      3%          4
 Leda's Liquefaction      Alch/Erth      25%        N/A       3%          4
 Petrify                  Alch/Erth      50%        N/A       3%          4
 Freezing Cloud           Conj/Ice/Air   25%        6-21      10%         5
 Irradiate                Conj/Alch      25%        3d20      10%         5
 Metabolic Englaciation   Hex/Ice        25%        N/A       10%         5
 Death Channel            Necr           30%        N/A       16%         6


Dungeon Overview and Level Annotations

Branches:
Dungeon (11/15)            Temple (1/1) D:4            Lair (1/5) D:11
    Orc (0/2) D:11          IceCv (1/1)

Altars:
Ashenzari
Cheibriados
Dithmenos
Elyvilon
Fedhas
Gozag
Hepliaklqana
Kikubaaqudgha
Makhleb
Nemelex Xobeh
Okawaru
Qazlal
Ru
Sif Muna
Trog
Uskayaw
Vehumet
Wu Jian
Xom
Yredelemnul
Zin
The Shining One

Annotations:
IceCv exclusion: ice statue


Innate Abilities, Weirdness & Mutations

You have very sharp teeth.
Your uncanny sense of smell can sniff out nearby items.
Your experience applies equally to all skills.


Message History

The frost giant freezes your yak zombie.
You hear a bellow!
Casting: Mephitic Cloud (safe; 1% risk of failure)
Confirm with . or Enter, or press ? or * to list all spells.
Aiming: Vampiric Draining (safe; 1% risk of failure)
Press: ? - help, Shift-Dir - straight line, f/p - frost giant
Aim: a frost giant, wielding a +0 battleaxe of freezing (heavily wounded, ally target)
Okay, then.
Casting: Vampiric Draining (safe; 1% risk of failure)
Confirm with . or Enter, or press ? or * to list all spells.
Aiming: Vampiric Draining (safe; 1% risk of failure)
Press: ? - help, Shift-Dir - straight line, f/p - frost giant
Aim: a frost giant, wielding a +0 battleaxe of freezing (heavily wounded, ally target)
You draw life force from the frost giant!
You feel life coursing into your body.
Your yak zombie barely misses the frost giant.
Something gores your yak zombie!
The frost giant points at you and mumbles some strange words.
The bolt of cold hits you!! You resist.
* * * LOW HITPOINT WARNING * * *
Casting: Vampiric Draining (safe; 1% risk of failure)
Confirm with . or Enter, or press ? or * to list all spells.
Aiming: Vampiric Draining (safe; 1% risk of failure)
Press: ? - help, Shift-Dir - straight line, f/p - frost giant
Aim: a frost giant, wielding a +0 battleaxe of freezing (heavily wounded, ally target)
You draw life force from the frost giant.
You feel life coursing into your body. The frost giant closely misses you.
The frost giant hits your yak zombie with a +0 battleaxe of freezing!!
The frost giant freezes your yak zombie.
Your yak zombie is destroyed!
Casting: Vampiric Draining (safe; 1% risk of failure)
Confirm with . or Enter, or press ? or * to list all spells.
Aiming: Vampiric Draining (safe; 1% risk of failure)
Press: ? - help, Shift-Dir - straight line, f/p - frost giant
Aim: a frost giant, wielding a +0 battleaxe of freezing (severely wounded)
You draw life force from the frost giant!
You feel life coursing into your body.
The frost giant hits you with a +0 battleaxe of freezing!!
You die...
Kikubaaqudgha rasps: "You have failed me!
Welcome... death!"

##### ######## ###§☼.####
####.†....#
#...#C@..####.....#....
......C####...#....#######.
.....Y. ###....### ##
#...†.. ###### ##.....
∆##.... #.... ∆##.... ...


You could see a frost giant.

Vanquished Creatures
  2 boulder beetles
  The ghost of hawkwood the Carver, a novice DgAr (D:10)
  2 two-headed ogres (D:11)
  Erica (D:11)
  A centaur warrior (D:9)
  6 death yaks (IceCv)
  2 deep elf pyromancers (D:7)
  3 cyclopes
  A manticore (D:11)
  An elephant (D:11)
  A black mamba (Lair:1)
  Joseph (D:7)
  A gargoyle (D:7)
  Jeremiah (D:6)
  4 rime drakes
  2 kobold demonologists
  Psyche (D:11)
  A troll (D:9)
  2 polar bears (IceCv)
  Prince Ribbit (D:9)
  A spriggan (Lair:1)
  3 wyverns
  11 yaks
  Eustachio (D:6)
  A steam dragon (D:7)
  Duvessa (D:6)
  An ice beast (D:6)
  A sky beast (D:7)
  9 orc warriors
  5 black bears
  4 ogres
  6 wolves (IceCv)
  4 centaurs
  A rime drake zombie (IceCv)
  5 kobold brigands
  2 phantoms
  4 bullfrogs
  A gnoll sergeant (D:9)
  2 scorpions
  Dowan (D:6)
  5 killer bees (D:7)
  2 yak zombies (IceCv)
  2 electric eels (D:10)
  2 howler monkeys (D:7)
  A bombardier beetle (D:3)
  5 hounds
  4 jellies
  A gnoll bouda (D:7)
  7 orc priests
  A sleepcap (D:6)
  Jessica (D:2)
  11 orc wizards
  An iguana (D:5)
  7 gnolls
  9 adders
  3 orc zombies
  3 white imps
  A ribbon worm (D:2)
  5 dart slugs
  56 orcs
  8 ball pythons
  6 bats
  5 endoplasms
  4 giant cockroaches
  6 hobgoblins
  7 jackals
  4 quokkas
  3 frilled lizards (D:1)
  5 goblins
  15 kobolds
  6 rats
295 creatures vanquished.

Vanquished Creatures (collateral kills)
  A death yak (IceCv)
  A komodo dragon (D:11)
  2 rime drakes (IceCv)
  A polar bear (IceCv)
  A slime creature (D:7)
  3 yaks (IceCv)
  2 kobold brigands
  2 killer bees (D:7)
  A howler monkey (D:4)
  An electric eel (D:10)
  A hound (D:5)
  A jelly (D:7)
  An orc priest (D:11)
  2 orc wizards
  A gnoll (D:9)
  A dart slug (D:4)
  7 orcs
  A goblin (D:2)
  A hobgoblin (D:1)
  11 kobolds
  2 rats (D:1)
44 creatures vanquished.

Vanquished Creatures (others)
  A boulder beetle (D:7)
  A death yak (IceCv)
  2 death yak zombies (IceCv)
  2 rime drakes
  2 polar bears (IceCv)
  3 yaks
  A swamp drake (D:11)
  A wolf (IceCv)
  3 rime drake zombies (IceCv)
  2 polar bear zombies (IceCv)
  6 yak zombies
  5 wolf zombies (IceCv)
  A black bear zombie (D:11)
  A gnoll bouda (D:9)
  6 killer bee zombies (D:7)
  An ogre zombie (D:6)
  A howler monkey zombie (D:7)
  3 gnolls (D:9)
  19 orc zombies
  A steam dragon zombie (D:7)
  A jelly zombie (D:6)
  7 gnoll zombies
  11 kobold zombies
81 creatures vanquished.

Grand Total: 420 creatures vanquished

Notes
Turn   | Place    | Note
-------+----------+-------------------------------------------
     0 | D:1      | monsoonserge the Gnoll Necromancer began the quest for the
                  | Orb.
     0 | D:1      | Reached XP level 1. HP: 13/13 MP: 6/6
   139 | D:1      | Reached XP level 2. HP: 19/19 MP: 5/7
   448 | D:1      | Reached skill level 5 in Spellcasting
   448 | D:1      | Reached XP level 3. HP: 25/25 MP: 3/9
   459 | D:1      | Learned a level 3 spell: Vampiric Draining
   829 | D:2      | Reached skill level 1 in Invocations
   832 | D:2      | Reached skill level 1 in Fighting
   832 | D:2      | Reached skill level 1 in Short Blades
   832 | D:2      | Reached skill level 1 in Long Blades
   832 | D:2      | Reached skill level 1 in Axes
   832 | D:2      | Reached skill level 1 in Maces & Flails
   832 | D:2      | Reached skill level 1 in Polearms
   832 | D:2      | Reached skill level 1 in Staves
   832 | D:2      | Reached skill level 1 in Ranged Weapons
   832 | D:2      | Reached skill level 1 in Throwing
   832 | D:2      | Reached skill level 1 in Armour
   832 | D:2      | Reached skill level 1 in Shields
   832 | D:2      | Reached skill level 1 in Unarmed Combat
   832 | D:2      | Reached skill level 1 in Evocations
   914 | D:2      | Reached skill level 1 in Shapeshifting
   914 | D:2      | Reached XP level 4. HP: 32/32 MP: 6/11
  1010 | D:2      | Noticed Jessica
  1022 | D:2      | Killed Jessica
  1023 | D:2      | Reached skill level 1 in Conjurations
  1023 | D:2      | Reached skill level 1 in Hexes
  1023 | D:2      | Reached skill level 1 in Summonings
  1023 | D:2      | Reached skill level 1 in Translocations
  1023 | D:2      | Reached skill level 1 in Fire Magic
  1023 | D:2      | Reached skill level 1 in Ice Magic
  1023 | D:2      | Reached skill level 1 in Air Magic
  1023 | D:2      | Reached skill level 1 in Earth Magic
  1023 | D:2      | Reached skill level 1 in Alchemy
  1158 | D:2      | Learned a level 4 spell: Animate Dead
  1780 | D:3      | Reached XP level 5. HP: 37/37 MP: 12/12
  2255 | D:3      | Reached skill level 5 in Invocations
  2255 | D:3      | Reached XP level 6. HP: 49/49 MP: 13/16
  2472 | D:3      | Reached XP level 7. HP: 55/55 MP: 17/17
  2693 | D:4      | Found a staircase to the Ecumenical Temple.
  2707 | Temple   | Entered the Ecumenical Temple
  2712 | Temple   | Became a worshipper of Kikubaaqudgha
  3064 | D:5      | Entered Level 5 of the Dungeon
  3088 | D:5      | Reached skill level 5 in Fighting
  3088 | D:5      | Reached skill level 5 in Short Blades
  3088 | D:5      | Reached skill level 5 in Long Blades
  3088 | D:5      | Reached skill level 5 in Axes
  3088 | D:5      | Reached skill level 5 in Maces & Flails
  3088 | D:5      | Reached skill level 5 in Polearms
  3088 | D:5      | Reached skill level 5 in Staves
  3088 | D:5      | Reached skill level 5 in Ranged Weapons
  3088 | D:5      | Reached skill level 5 in Throwing
  3088 | D:5      | Reached skill level 5 in Armour
  3088 | D:5      | Reached skill level 5 in Shields
  3088 | D:5      | Reached skill level 5 in Unarmed Combat
  3088 | D:5      | Reached skill level 5 in Evocations
  3088 | D:5      | Reached XP level 8. HP: 46/62 MP: 9/18
  3316 | D:5      | Learned a level 2 spell: Sublimation of Blood
  4126 | D:6      | Reached * piety under Kikubaaqudgha
  4126 | D:6      | Received a gift from Kikubaaqudgha
  4189 | D:6      | Reached XP level 9. HP: 39/68 MP: 5/20
  4464 | D:6      | Noticed Eustachio
  4479 | D:6      | Killed Eustachio
  4664 | D:6      | Noticed Jeremiah
  4669 | D:6      | Noticed Dowan
  4677 | D:6      | Noticed Duvessa
  4679 | D:6      | Killed Dowan
  4683 | D:6      | Reached skill level 5 in Shapeshifting
  4936 | D:7      | Noticed a gargoyle
  4937 | D:7      | Noticed a boulder beetle
  4937 | D:7      | Noticed a kobold demonologist
  4937 | D:7      | Noticed a deep elf pyromancer
  4977 | D:7      | Killed a gargoyle
  4988 | D:7      | Reached ** piety under Kikubaaqudgha
  5240 | D:7      | Noticed Joseph
  5247 | D:7      | Killed Joseph
  5248 | D:7      | Reached XP level 10. HP: 75/76 MP: 21/21
  5328 | D:7      | Found a sparkling altar of Nemelex Xobeh.
  5537 | D:7      | Noticed a deep elf pyromancer
  5538 | D:7      | Noticed a boulder beetle
  5972 | D:8      | Reached skill level 5 in Conjurations
  5972 | D:8      | Reached skill level 5 in Hexes
  5972 | D:8      | Reached skill level 5 in Summonings
  5972 | D:8      | Reached skill level 5 in Translocations
  5972 | D:8      | Reached skill level 5 in Fire Magic
  5972 | D:8      | Reached skill level 5 in Ice Magic
  5972 | D:8      | Reached skill level 5 in Air Magic
  5972 | D:8      | Reached skill level 5 in Earth Magic
  5972 | D:8      | Reached skill level 5 in Alchemy
  6263 | D:7      | Killed a deep elf pyromancer
  6433 | D:7      | Killed a boulder beetle
  7015 | D:9      | Reached *** piety under Kikubaaqudgha
  7015 | D:9      | Received a gift from Kikubaaqudgha
  7034 | D:8      | Learned a level 4 spell: Anguish
  7188 | D:9      | Noticed a centaur warrior
  7189 | D:9      | Noticed a cyclops
  7207 | D:9      | Killed a centaur warrior
  7239 | D:9      | Reached XP level 11. HP: 46/83 MP: 0/23
  7257 | D:9      | Killed a cyclops
  7501 | D:9      | Found a radiant altar of Vehumet.
  7816 | D:9      | Found a basalt altar of Yredelemnul.
  8138 | D:9      | Noticed Prince Ribbit
  8171 | D:9      | Reached **** piety under Kikubaaqudgha
  8184 | D:9      | Killed Prince Ribbit
  8401 | D:6      | Killed Duvessa
  8766 | D:6      | Killed Jeremiah
  8959 | D:7      | Killed a deep elf pyromancer
  8976 | D:7      | Killed a boulder beetle
  8983 | D:7      | Identified the ring "Wotupaav" {rElec Slay+4}
  8997 | D:7      | Identified the +6 plate armour "Siosoi" {Regen+ Str+3}
  9011 | D:7      | Learned a level 3 spell: Mephitic Cloud
  9335 | D:10     | Entered Level 10 of the Dungeon
  9450 | D:10     | Learned a level 5 spell: Borgnjor's Vile Clutch
  9673 | D:10     | Found a runed translucent door.
  9676 | D:10     | Noticed hawkwood's ghost (novice DgAr)
  9828 | D:10     | Killed hawkwood's ghost
 10345 | D:11     | Noticed Erica
 10351 | D:11     | Noticed a manticore
 10654 | D:11     | Reached XP level 12. HP: 91/91 MP: 25/25
 10733 | D:11     | Noticed a two-headed ogre
 10750 | D:11     | Killed a two-headed ogre
 10823 | D:11     | Found a staircase to the Orcish Mines.
 10823 | D:11     | Noticed a two-headed ogre
 10837 | D:11     | Killed a two-headed ogre
 11067 | D:11     | Noticed a boulder beetle
 11106 | D:11     | Killed a boulder beetle
 11262 | D:11     | Killed Erica
 11262 | D:11     | Noticed Psyche
 11271 | D:11     | Found a staircase to the Lair.
 11273 | D:11     | Killed Psyche
 11585 | Lair:1   | Entered Level 1 of the Lair of Beasts
 11589 | Lair:1   | Found a frozen archway.
 11710 | IceCv    | Entered an ice cave
 11715 | IceCv    | Reached ***** piety under Kikubaaqudgha
 11730 | IceCv    | Noticed a death yak
 11746 | IceCv    | Killed a death yak
 11774 | IceCv    | Noticed a death yak
 11777 | IceCv    | Noticed a death yak
 11778 | IceCv    | Noticed a death yak
 11826 | IceCv    | Killed a death yak
 11827 | IceCv    | Reached skill level 10 in Necromancy
 11832 | IceCv    | Killed a death yak
 11844 | IceCv    | Killed a death yak
 11845 | IceCv    | Reached XP level 13. HP: 47/99 MP: 6/26
 12309 | IceCv    | Reached skill level 10 in Spellcasting
 12368 | IceCv    | Noticed a frost giant
 12389 | IceCv    | HP: 1/99 [frost giant/bolt of cold (8)]
 12396 | IceCv    | Slain by a frost giant

Illustrated notes

Levels and vault maps discovered:
D:1:      onia_arrival_pentagram, layout_basic
D:2:      wander_river, layout_basic, chequers_jeans, uniq_jessica
D:3:      layout_loops_ring
D:4:      layout_basic, minmay_temple_entry_statues_fountains, serial_glass,
          glass_columns_a, glass_columns_c
D:5:      layout_gridville, nicolae_eternal_life
D:6:      layout_cave_pools, st_stairs_11, dreamdust_mushroom_princess,
          hangedman_decor_riveting, serial_library_hellmonk_open_cross,
          uniq_eustachio, uniq_jeremiah, uniq_duvessa
D:7:      minmay_the_grid_octo_2x2 [minmay_the_grid_octo_pinwheel,
          minmay_the_grid_octo_concentric, minmay_the_grid_octo_fat_diamond,
          minmay_the_grid_octo_prize_big_c], layout_loops_ring,
          mainiacjoe_overflow_chevrons, uniq_joseph
D:8:      layout_cave_pools, kennysheep_generic_room_7
D:9:      layout_roguey [special_room_orc], kennysheep_little_box,
          mainiacjoe_overflow_cross_hatched, minmay_checkerbox,
          uniq_prince_ribbit1
D:10:     layout_basic, serial_glass, glass_columns_a, glass_columns_b,
          ebering_ghost_reflecting_pool
D:11:     layout_rooms, grunt_lair_entry_orc_guard_hut, erik_orc_1, uniq_psyche,
          uniq_erica
Temple:   compressed_dpeg_triangle_lava_temple
Lair:1:   layout_cave_pods, portal_ice_cave_rime, wad_woods_01
IceCv:    ice_cave_small_giant

Skill      XL: |  1  2  3  4  5  6  7  8  9 10 11 12 13 |
---------------+----------------------------------------+-----
Spellcasting   | 5 7 8 9 10 | 10.0
Invocations    | 1 5 6 7 8 9 |  9.4
Fighting       | 1 4 5 6 7 8 |  8.6
Short Blades   | 1 4 5 6 7 9 |  9.8
Long Blades    | 1 4 5 6 7 8 |  8.6
Axes           | 1 4 5 6 7 8 |  8.6
Maces & Flails | 1 4 5 6 7 8 |  8.6
Polearms       | 1 4 5 6 7 8 |  8.6
Staves         | 1 4 5 6 7 8 |  8.6
Ranged Weapons | 1 4 5 6 7 8 |  8.6
Throwing       | 1 4 5 6 7 8 |  8.6
Armour         | 1 4 5 6 7 8 |  8.6
Shields        | 1 4 5 6 7 8 |  8.6
Unarmed Combat | 1 4 5 6 7 8 |  8.6
Evocations     | 1 4 5 6 7 8 |  8.6
Shapeshifting  | 1 4 5 6 7 |  7.9
Conjurations   | 1 3 4 5 6 7 |  7.2
Hexes          | 1 3 4 5 6 7 |  7.2
Summonings     | 1 3 4 5 6 7 |  7.2
Translocations | 1 3 4 5 6 7 |  7.2
Fire Magic     | 1 3 4 5 6 7 |  7.2
Ice Magic      | 1 3 4 5 6 7 |  7.2
Air Magic      | 1 3 4 5 6 7 |  7.2
Earth Magic    | 1 3 4 5 6 7 |  7.2
Alchemy        | 1 3 4 5 6 7 |  7.2
Dodging        | 6 7 8 9 |  9.8
Stealth        | 6 7 8 9 |  9.6
Necromancy     | 8 9 10 | 10.2

Action                     |  1- 3 |  4- 6 |  7- 9 | 10-12 | 13-15 || total
---------------------------+-------+-------+-------+-------+-------++-------
  Melee: Unarmed           |    24 |       |       |       |       ||    24
         Club              |     3 |       |       |       |       ||     3
         Bite              |     2 |     8 |    40 |   104 |    19 ||   173
         Mace              |    11 |     8 |       |       |       ||    19
         Dagger            |     1 |    89 |   294 |   632 |    84 ||  1100
  Throw: Dart              |     3 |       |     3 |     7 |       ||    13
   Cast: Necrotise         |    44 |    13 |     5 |    12 |       ||    74
         Vampiric Draining |       |     5 |    40 |    97 |     3 ||   145
         Animate Dead      |       |       |     9 |    13 |     1 ||    23
         Sublimation of Bl |       |       |     2 |     4 |       ||     6
         Anguish           |       |       |       |    15 |     4 ||    19
         Mephitic Cloud    |       |       |       |    13 |     5 ||    18
         Borgnjor's Vile C |       |       |       |     3 |     1 ||     4
    Use: Scroll            |       |     8 |     4 |     3 |       ||    15
         Potion            |       |     1 |     2 |     2 |     1 ||     6
   Stab: Sleeping          |     2 |     4 |     8 |     8 |       ||    22
         Distracted        |       |     1 |     1 |     3 |     1 ||     6
         Confused          |       |       |       |    18 |     3 ||    21
 Armour: Robe              |     3 |       |    88 |   277 |    30 ||   398
         Leather armour    |    45 |    35 |    57 |       |       ||   137
  Dodge: Dodged            |    67 |    48 |   178 |   271 |    19 ||   583
  Block: Buckler           |       |    11 |   162 |   258 |    24 ||   455
         Reflection        |       |       |     5 |     5 |     1 ||    11
         Other             |       |       |       |     1 |       ||     1
